 Dungeon Crawl Stone Soup version 0.23-a0-54-gae6112e (webtiles) character file.

3070 galech the Fighter (level 9, -1/74 HPs)
             Began as a Gnoll Wanderer on Aug 8, 2018.
             Slain by a bullfrog (5 damage)
             ... on level 8 of the Dungeon.
             The game lasted 00:13:03 (8142 turns).

galech the Fighter (Gnoll Wanderer)                 Turns: 8142, Time: 00:13:03

Health: -1/74      AC: 16    Str: 17    XL:     9   Next: 88%
Magic:  15/15      EV: 10    Int: 12    God:
Gold:   324        SH:  0    Dex: 23    Spells: 17/17 levels left

rFire    . . .     SeeInvis .   I - +5 scimitar
rCold    . . .     Gourm    .   (no shield)
rNeg     . . .     Faith    .   r - +1 chain mail
rPois    .         Spirit   .   (no helmet)
rElec    .         Reflect  .   m - scarf {repulsion}
rCorr    .         Harm     .   o - +0 pair of gloves
MR       .....                  g - +0 pair of boots
Stlth    ..........             s - amulet of regeneration
HPRegen  0.62/turn              J - +5 ring of dexterity
MPRegen  0.14/turn              F - +3 ring of protection

@: slowed, drained, repel missiles, very slow
A: distributed training, fangs 1, strong nose
a: no special abilities


You were on level 8 of the Dungeon.
You were not hungry.

You visited 2 branches of the dungeon, and saw 9 of its levels.
You also visited: Ossuary.

You collected 324 gold pieces.

Inventory:

Hand Weapons
 a - a +2 hand crossbow
 I - a +5 scimitar (weapon)
Missiles
 b - 82 bolts
Armour
 g - a +0 pair of boots (worn)
 m - a scarf of repulsion (worn)
 o - a +0 pair of gloves (worn)
 r - a +1 chain mail (worn)
Jewellery
 k - a +2 ring of protection
 s - an amulet of regeneration (around neck)
 F - a +3 ring of protection (right hand)
 G - an uncursed ring of protection from cold
 J - a +5 ring of dexterity (left hand)
Wands
 y - a wand of disintegration (31)
Scrolls
 c - 3 scrolls of teleportation
 d - 2 scrolls of magic mapping
 h - 6 scrolls of remove curse
 i - a scroll of enchant armour
 l - 2 scrolls of amnesia {unknown}
 p - 9 scrolls of identify {unknown}
 w - 2 scrolls of fog {unknown}
 A - 2 scrolls of holy word {unknown}
 C - 2 scrolls of random uselessness {unknown}
 D - 2 scrolls of immolation {unknown}
 E - 3 scrolls of enchant weapon {unknown}
Potions
 e - 3 potions of haste {unknown}
 j - 2 potions of cancellation {unknown}
 n - 5 potions of curing {unknown}
 q - 2 potions of flight {unknown}
 t - 10 potions of heal wounds {unknown}
 u - a potion of agility {unknown}
 v - 2 potions of lignification {unknown}
 x - 2 potions of ambrosia {unknown}
 z - a potion of brilliance {unknown}
 B - a potion of mutation {unknown}
 H - 2 potions of degeneration {unknown}
Comestibles
 f - 7 rations
 K - a chunk of flesh


   Skills:
 + Level 8.1(7.8) Fighting
 + Level 5.3(5.1) Short Blades
 + Level 4.5(4.3) Long Blades
 + Level 4.5(4.3) Axes
 + Level 4.5(4.3) Maces & Flails
 + Level 4.5(4.3) Polearms
 + Level 4.5(4.3) Staves
 + Level 4.5(4.3) Slings
 + Level 4.5(4.3) Bows
 + Level 6.5(6.3) Crossbows
 + Level 4.5(4.3) Throwing
 + Level 5.3(5.1) Armour
 + Level 4.5(4.3) Dodging
 + Level 5.2(5.0) Stealth
 + Level 6.5(6.3) Shields
 + Level 4.5(4.3) Unarmed Combat
 + Level 4.5(4.3) Spellcasting
 + Level 3.8(3.5) Conjurations
 + Level 3.8(3.5) Hexes
 + Level 3.8(3.5) Charms
 + Level 3.8(3.5) Summonings
 + Level 3.8(3.5) Necromancy
 + Level 3.8(3.5) Translocations
 + Level 3.8(3.5) Transmutations
 + Level 3.8(3.5) Fire Magic
 + Level 3.8(3.5) Ice Magic
 + Level 3.8(3.5) Air Magic
 + Level 3.8(3.5) Earth Magic
 + Level 3.8(3.5) Poison Magic
 + Level 5.0(4.8) Invocations
 + Level 4.5(4.3) Evocations


You had 17 spell levels left.
You didn't know any spells.
Your spell library contained the following spells:

 Spells                   Type           Power        Failure   Level  Hunger
 Spider Form              Tmut/Pois      ##........   88%         3    ###....
 Blade Hands              Tmut           ##........   100%        5    ######.
 Ice Form                 Ice/Tmut       ##......     99%         4    ####...
 Sticks to Snakes         Tmut           ##......     67%         2    ##.....
 Beastly Appendage        Tmut           ##....       54%         1    None


Dungeon Overview and Level Annotations

Branches:
Dungeon (8/15)             Temple (1/1) D:7
   Lair: D:8-11

Altars:
Ashenzari
Cheibriados
Dithmenos
Elyvilon
Fedhas
Gozag
Hepliaklqana
Kikubaaqudgha
Makhleb
Nemelex Xobeh
Qazlal
Ru
Sif Muna
Trog
Uskayaw
Vehumet
Wu Jian
Xom
Yredelemnul
Zin

Annotations:
D:8 Harold, Prince Ribbit, Psyche


Innate Abilities, Weirdness & Mutations

Your experience applies equally to all skills.
You have very sharp teeth.
Your uncanny sense of smell can sniff out nearby items.


Message History

Psyche hits you but does no damage.
The bullfrog hits you but does no damage.
You miss Psyche.
Psyche is severely wounded.
The bullfrog completely misses you. Psyche hits you but does no damage.
The leopard gecko skeleton barely misses you.
The orc priest closely misses you.
You riposte.
You slash the orc priest!
You kill the orc priest!
Harold hits you from afar with a glaive!
* * * LOW HITPOINT WARNING * * *
The bullfrog hits you but does no damage.
Psyche hits you but does no damage.
You are electrocuted!
* * * LOW HITPOINT WARNING * * *
The leopard gecko skeleton bites you but does no damage.
You barely miss Psyche. You bite Psyche, but do no damage.
Psyche is severely wounded.
The bullfrog hits you.
* * * LOW HITPOINT WARNING * * *
Psyche hits you but does no damage. The bullfrog hits you.
You die...

## .#.#
#.#.#. .... .
.#.# .. #..##
<#
#####...##.##
#.......@....
#.###ZFo####
# ##@## #@#
#.# #.# #.# ∆
∆ ..# ###


You could see Harold, Psyche, a bullfrog, an orc priest and a leopard gecko
skeleton.

Vanquished Creatures
  Grinder (D:3)
  A hippogriff (D:8)
  An orc warrior (D:8)
  The ghost of Torious the Ruffian, an amateur TrMo (D:3)
  An ice beast (D:6)
  An eye of draining (D:8)
  A necrophage (D:7)
  4 ogres
  2 centaurs (D:8)
  A bullfrog (D:6)
  2 elf skeletons (D:4)
  A wyvern skeleton (D:8)
  2 scorpions (D:6)
  4 wights
  2 crimson imps (D:7)
  2 quasits (D:3)
  2 centaur zombies
  3 hounds
  3 human zombies (D:4)
  An orc priest (D:8)
  3 jellies
  A human skeleton (D:4)
  3 iguanas
  A centaur skeleton (D:4)
  5 orc wizards
  A worker ant (D:7)
  3 big kobold zombies (Ossuary)
  A hound skeleton (D:7)
  6 mummies (Ossuary)
  A worker ant zombie (D:6)
  4 gnolls
  10 adders
  2 shadow imps
  2 oozes
  2 adder skeletons (D:4)
  4 worms
  3 dart slugs
  4 leopard geckos
  19 orcs
  4 ball pythons
  8 giant cockroaches
  5 goblins
  4 hobgoblins
  16 jackals
  3 quokkas
  7 bats
  7 frilled lizards
  5 kobolds
  A quokka skeleton (D:4)
  9 rats
180 creatures vanquished.

Notes
Turn   | Place    | Note
-------+----------+-------------------------------------------
     0 | D:1      | galech the Gnoll Wanderer began the quest for the Orb.
     0 | D:1      | galech set off with: a +2 hand crossbow, 25 bolts, a scroll of teleportation, a +0 ring mail, a ration
     0 | D:1      | Reached XP level 1. HP: 23/23 MP: 1/1
   265 | D:1      | Reached XP level 2. HP: 29/29 MP: 2/2
   726 | D:1      | Reached XP level 3. HP: 35/35 MP: 3/3
  1348 | D:2      | Reached skill level 1 in Invocations
  1621 | D:2      | Reached skill level 1 in Long Blades
  1621 | D:2      | Reached skill level 1 in Axes
  1621 | D:2      | Reached skill level 1 in Maces & Flails
  1621 | D:2      | Reached skill level 1 in Polearms
  1621 | D:2      | Reached skill level 1 in Staves
  1621 | D:2      | Reached skill level 1 in Slings
  1621 | D:2      | Reached skill level 1 in Bows
  1621 | D:2      | Reached skill level 1 in Throwing
  1621 | D:2      | Reached skill level 1 in Dodging
  1621 | D:2      | Reached skill level 1 in Unarmed Combat
  1621 | D:2      | Reached skill level 1 in Spellcasting
  1621 | D:2      | Reached skill level 1 in Evocations
  1633 | D:2      | Reached XP level 4. HP: 40/41 MP: 5/5
  2272 | D:2      | Found a deep blue altar of Sif Muna.
  2392 | D:2      | Reached skill level 1 in Conjurations
  2392 | D:2      | Reached skill level 1 in Hexes
  2392 | D:2      | Reached skill level 1 in Charms
  2392 | D:2      | Reached skill level 1 in Summonings
  2392 | D:2      | Reached skill level 1 in Necromancy
  2392 | D:2      | Reached skill level 1 in Translocations
  2392 | D:2      | Reached skill level 1 in Transmutations
  2392 | D:2      | Reached skill level 1 in Fire Magic
  2392 | D:2      | Reached skill level 1 in Ice Magic
  2392 | D:2      | Reached skill level 1 in Air Magic
  2392 | D:2      | Reached skill level 1 in Earth Magic
  2392 | D:2      | Reached skill level 1 in Poison Magic
  2414 | D:3      | Reached XP level 5. HP: 47/47 MP: 6/6
  2495 | D:3      | Found a transporter.
  2620 | D:3      | Noticed Torious's ghost (amateur TrMo)
  2636 | D:3      | Noticed a fire elemental
  2637 | D:3      | Found a stormy altar of Qazlal.
  2640 | D:3      | Noticed an air elemental
  2640 | D:3      | Noticed a water elemental
  2685 | D:3      | Found a transporter.
  2792 | D:3      | Noticed Grinder
  2798 | D:3      | Paralysed by Grinder for 6 turns
  2805 | D:3      | Killed Grinder
  2805 | D:3      | Reached skill level 5 in Crossbows
  2805 | D:3      | Reached skill level 5 in Shields
  2805 | D:3      | Reached XP level 6. HP: 18/53 MP: 7/9
  3211 | D:3      | Found a bloodstained altar of Trog.
  3393 | D:4      | Reached XP level 7. HP: 17/59 MP: 10/10
  3524 | D:4      | Reached skill level 7 in Fighting
  3534 | D:4      | Found a sand-covered staircase.
  3550 | Ossuary  | Entered an ossuary
  3899 | D:4      | Reached XP level 8. HP: 66/67 MP: 12/12
  4593 | D:5      | Entered Level 5 of the Dungeon
  4933 | D:4      | Found a snail-covered altar of Cheibriados.
  5417 | D:6      | Found an ancient bone altar of Kikubaaqudgha.
  5418 | D:6      | Found a blossoming altar of Fedhas.
  5422 | D:6      | Found a glowing silver altar of Zin.
  5422 | D:6      | Found a shattered altar of Ashenzari.
  5694 | D:6      | Found a blossoming altar of Fedhas.
  5935 | D:5      | Reached XP level 9. HP: 35/72 MP: 14/14
  6796 | D:7      | Found a staircase to the Ecumenical Temple.
  6802 | Temple   | Entered the Ecumenical Temple
  7402 | D:3      | Killed Torious's ghost
  7601 | D:8      | Reached skill level 5 in Short Blades
  7601 | D:8      | Reached skill level 5 in Armour
  7617 | D:8      | Reached skill level 8 in Fighting
  7617 | D:8      | Reached skill level 5 in Stealth
  7781 | D:8      | Reached skill level 5 in Invocations
  8043 | D:8      | Noticed Prince Ribbit
  8073 | D:8      | Found a radiant altar of Vehumet.
  8074 | D:8      | Found a burning altar of Makhleb.
  8074 | D:8      | Noticed a seven-headed hydra
  8131 | D:8      | Noticed Psyche
  8136 | D:8      | Noticed Harold
  8142 | D:8      | Slain by a bullfrog

Vault maps used:
D:1:      dpeg_arrival_castle
D:2:      lemuel_blue_sif_altar, grunt_decor_mini_mirrors
D:3:      nicolae_qazlal_style_of_elements, first_ration,
          gammafunk_ghost_stat_death, trog_butcher_becter, uniq_grinder
D:4:      nicolae_overflow_hidden_temple, nicolae_ossuary_entry_catacombs,
          minmay_strange_pillars, due_unseen_surprise
D:6:      chequers_temple_overflow_statue_of_worship, fedhas_altar_1
D:7:      temple_green
D:8:      grunt_temple_overflow_lords_of_destruction, minmay_radiant,
          uniq_psyche, uniq_harold, uniq_prince_ribbit1
Temple:   dpeg_chambers_temple
Ossuary:  ossuary_the_hunt_dpeg

Skill      XL: |  1  2  3  4  5  6  7  8  9 |
---------------+----------------------------+-----
Invocations    | 1 2 3 4 5 |  5.0
Long Blades    | 1 2 3 4 |  4.5
Axes           | 1 2 3 4 |  4.5
Maces & Flails | 1 2 3 4 |  4.5
Polearms       | 1 2 3 4 |  4.5
Staves         | 1 2 3 4 |  4.5
Slings         | 1 2 3 4 |  4.5
Bows           | 1 2 3 4 |  4.5
Throwing       | 1 2 3 4 |  4.5
Dodging        | 1 2 3 4 |  4.5
Unarmed Combat | 1 2 3 4 |  4.5
Spellcasting   | 1 2 3 4 |  4.5
Evocations     | 1 2 3 4 |  4.5
Conjurations   | 1 2 3 |  3.8
Hexes          | 1 2 3 |  3.8
Charms         | 1 2 3 |  3.8
Summonings     | 1 2 3 |  3.8
Necromancy     | 1 2 3 |  3.8
Translocations | 1 2 3 |  3.8
Transmutations | 1 2 3 |  3.8
Fire Magic     | 1 2 3 |  3.8
Ice Magic      | 1 2 3 |  3.8
Air Magic      | 1 2 3 |  3.8
Earth Magic    | 1 2 3 |  3.8
Poison Magic   | 1 2 3 |  3.8
Short Blades   | 3 4 5 |  5.3
Crossbows      | 5 6 |  6.5
Armour         | 3 4 5 |  5.3
Stealth        | 3 4 5 |  5.2
Shields        | 5 6 |  6.5
Fighting       | 7 8 |  8.1

Action                   |  1- 3 |  4- 6 |  7- 9 || total
-------------------------+-------+-------+-------++-------
Melee: Club              |   142 |   191 |       ||   333
       Bite              |    16 |    31 |    89 ||   136
       Punch             |     1 |     2 |    12 ||    15
       Falchion          |       |    33 |   284 ||   317
       Scimitar          |       |       |   175 ||   175
 Fire: Hand crossbow     |    13 |       |    26 ||    39
  Use: Scroll            |       |     3 |     1 ||     4
 Stab: Sleeping          |     3 |       |       ||     3
  Eat: Chunk             |     2 |     7 |     9 ||    18
       Ration            |       |       |     2 ||     2
Armor: Ring mail         |    72 |     4 |       ||    76
       Chain mail        |       |   173 |   327 ||   500
Dodge: Dodged            |   105 |   110 |   238 ||   453
       Deflected         |       |     2 |       ||     2
       Rpst.: Falchion   |       |     9 |    27 ||    36
       Scimitar          |       |       |    39 ||    39

Table legend:
 A = Spawn XP
 B = Non-spawn XP
 C = Spawn XP percentage of total XP
 D = Spawn monster count
 E = Non-spawn monster count
 F = Spawn count percentage of total count
 G = Total turns spent on level
                    A         B        C        D         E        F      G
               +---------+---------+-------+---------+---------+-------+---------
         Total |       0 |    4387 |   0.0 |       0 |     180 |   0.0 |  8142
               +---------+---------+-------+---------+---------+-------+---------
           D:1 |       0 |      37 |   0.0 |       0 |      23 |   0.0 |   833
           D:2 |       0 |      98 |   0.0 |       0 |      24 |   0.0 |  1525
           D:3 |       0 |     616 |   0.0 |       0 |      36 |   0.0 |  1140
           D:4 |       0 |     802 |   0.0 |       0 |      32 |   0.0 |  1024
           D:5 |       0 |     483 |   0.0 |       0 |      12 |   0.0 |  1038
           D:6 |       0 |     513 |   0.0 |       0 |       9 |   0.0 |   829
           D:7 |       0 |     471 |   0.0 |       0 |      14 |   0.0 |   713
           D:8 |       0 |    1139 |   0.0 |       0 |      20 |   0.0 |   544
       Ossuary |       0 |     228 |   0.0 |       0 |      10 |   0.0 |   294
               +---------+---------+-------+---------+---------+-------+---------
